 Dungeon Crawl Stone Soup version 0.25-a0-890-g62861fb (console) character file.

Game seed: 1632376648174518945, levelgen mode: deterministic

6862 HarryHood the Basher (level 10, -2/93 HPs)
             Began as a Minotaur Berserker on May 6, 2020.
             Was the Champion of Trog.
             Succumbed to an orc warlord's poison
             ... in a bailey on May 8, 2020.
             The game lasted 01:04:02 (8282 turns).

HarryHood the Basher (Minotaur Berserker)           Turns: 8282, Time: 01:04:02

Health: -2/93      AC: 17    Str: 23    XL:     10   Next: 78%
Magic:  6/9        EV:  9    Int:  8    God:    Trog [******]
Gold:   185        SH: 16    Dex: 12    Spells: 9/9 levels left

rFire    + . .     SeeInvis .   a - +2 flail (protect)
rCold    . . .     Gourm    .   J - +0 tower shield "Naobbola" {-Cast rElec Int+4}
rNeg     . . .     Faith    .   q - +2 scale mail {rF+}
rPois    .         Spirit   +   g - +2 hat
rElec    +         Reflect  .   p - +0 cloak (curse)
rCorr    .         Harm     .   (no gloves)
MR       .....     NoCast   +   w - +0 pair of boots
Stlth    ..........             c - amulet of guardian spirit
HPRegen  0.25/turn              m - +3 ring of protection
MPRegen  0.11/turn              H - +2 ring of evasion

@: lethally poisoned (-2 -> -47), berserk cooldown, slowed, very slow
A: retaliatory headbutt, horns 2
a: Berserk, Trog's Hand, Brothers in Arms, Renounce Religion


You were in a bailey.
You worshipped Trog.
Trog was exalted by your worship.
You were hungry.

You visited 2 branches of the dungeon, and saw 10 of its levels.
You also visited: Ossuary and Bailey.

You collected 455 gold pieces.
You spent 270 gold pieces at shops.

Inventory:

Hand Weapons
 a - a +2 flail of protection (weapon)
 b - a +1 hunting sling of flaming
Missiles
 d - 290 stones (quivered)
 F - 31 sling bullets
Armour
 g - a +2 hat (worn)
 p - a cursed +0 cloak (worn)
 q - a +2 scale mail of fire resistance (worn)
 w - a +0 pair of boots (worn)
 J - the +0 tower shield "Naobbola" (worn) {-Cast rElec Int+4}
   (You bought it in a shop on level 7 of the Dungeon)

   It affects your intelligence (+4).
   It insulates you from electricity.
   It prevents spellcasting.
Jewellery
 c - an amulet of guardian spirit (around neck)
 h - an uncursed ring of poison resistance
 m - a +3 ring of protection (left hand)
 s - an uncursed ring of flight
 H - a +2 ring of evasion (right hand)
Scrolls
 j - 2 scrolls of magic mapping {@r5}
 n - 2 scrolls of remove curse {@r1}
 r - a scroll of identify
 t - 3 scrolls of teleportation {@r0}
 y - a scroll of enchant armour
 B - a scroll of blinking {@r7}
 D - a scroll of fear
Potions
 f - 3 potions of lignification {!q}
 k - 2 potions of stabbing
 l - 4 potions of flight
 o - 6 potions of curing {@q2}
 u - 2 potions of magic {unknown}
 v - 2 potions of cancellation
 x - 2 potions of resistance
 z - a potion of ambrosia {unknown}
 A - 3 potions of heal wounds {@q1}
 C - 2 potions of haste {unknown}
 E - a potion of might {unknown}
 G - a potion of brilliance {unknown}
Comestibles
 e - 21 rations {@e1}
 i - 15 chunks of flesh


   Skills:
 * Level 9.9 Fighting
 - Level 14.0 Maces & Flails
 - Level 3.7 Slings
 - Level 6.0 Armour
 - Level 2.1 Dodging
 + Level 7.5 Shields


You had 9 spell levels left.
You didn't know any spells.
Your spell library was empty.

Dungeon Overview and Level Annotations

Branches:
Dungeon (9/15)             Temple (1/1) D:7             Orc (0/2) D:9
Ossuary (visited)          Bailey (1/1)
   Lair: D:8-11

Altars:
Ashenzari
Cheibriados
Fedhas
Gozag
Kikubaaqudgha
Okawaru
Trog
Uskayaw
The Shining One

Shops:
D:7 **[   D:9 }


Innate Abilities, Weirdness & Mutations

You reflexively headbutt those who attack you in melee.
You have a pair of horns on your head.


Message History

You now have 23/93 hp.
* * * LOW HITPOINT WARNING * * *
You feel extremely sick.
The orc warrior no longer looks unusually strong.
The orc no longer looks unusually strong.
The orc warrior no longer looks unusually strong.
You block the orc warlord's attack.
You take 7 damage, and have 16/93 hp.
* * * LOW HITPOINT WARNING * * *
You feel extremely sick.
The orc warlord roars a battlecry!
The orcs go into a battle-frenzy!
The orc warrior complains loudly.
You take 7 damage, and have 9/93 hp.
* * * LOW HITPOINT WARNING * * *
You feel very sick.
The orc knight no longer looks unusually strong.
The orc warrior no longer looks unusually strong. x2
You take 6 damage, and have 3/93 hp.
You die...

▒.......▒.........▒.......▒
▒▒.......▒▒...oo..▒▒.......▒▒
▒.........▒.oogoo.▒.........▒
▒▒.........▒▒▒.og▒▒▒.........▒▒
▒.....⌠.....▒▒▒g▒▒▒.....⌠.....▒
▒▒.........▒▒88o88▒▒.........▒▒
▒.........▒...o...▒.........▒
▒▒......)▒▒.......▒▒.......▒▒
▒.......))...@...)).......▒
▒▒.....▒▒)........▒▒.....▒▒
▒▒▒▒▒▒▒.....⌠.....▒▒▒▒▒▒▒
▒▒.........▒▒ ▒.........▒
▒▒.......▒▒ ▒.......▒ ▒▒..∩..▒▒
▒▒▒▒▒▒▒


You could see an orc warlord, an orc knight, 5 orc warriors, 2 hobgoblins and a
goblin.

Vanquished Creatures
  An orc knight (Bailey)
  Pikel (D:8)
  Grinder (D:4)
  Prince Ribbit (D:8)
  A hippogriff (D:9)
  Sigmund (D:4)
  Grum (D:8)
  Eustachio (D:6)
  A hungry ghost (D:8)
  Edmund (D:4)
  Duvessa (D:4)
  9 orc warriors
  A sky beast (D:7)
  A necrophage (D:6)
  7 ogres
  A phantom (D:8)
  The ghost of timneilson the Ruffian, an amateur DrTm (D:3)
  2 wolves (D:8)
  3 centaurs
  A big kobold (D:7)
  2 bullfrogs
  A gnoll sergeant (D:6)
  A water moccasin zombie (Ossuary)
  Dowan (D:4)
  A scorpion (D:4)
  6 killer bees (D:9)
  5 crimson imps
  A hound (D:5)
  A quasit (D:7)
  2 jellies (D:7)
  3 orc priests
  10 orc wizards
  2 bullfrog skeletons
  5 iguanas
  6 worker ants
  Ijyb (D:4)
  4 big kobold zombies (Ossuary)
  2 mummies (Ossuary)
  15 gnolls
  12 adders
  4 shadow imps
  2 oozes
  8 adder zombies
  An adder skeleton (D:5)
  4 worms
  4 dart slugs (D:2)
  5 leopard geckos
  61 orcs
  3 giant cockroaches
  30 goblins
  20 hobgoblins
  18 jackals
  18 kobolds
  A quokka (D:9)
  A ball python (D:8)
  3 bats
  7 frilled lizards
  A gnoll zombie (Ossuary)
  7 hobgoblin zombies (Ossuary)
  A jackal skeleton (D:5)
  4 kobold zombies (Ossuary)
  2 leopard gecko skeletons
  7 orc zombies (Ossuary)
  8 rats
338 creatures vanquished.

Vanquished Creatures (others)
  A slave (D:8)
  An ogre (D:8)
  A hound (D:8)
3 creatures vanquished.

Grand Total: 341 creatures vanquished

Notes
Turn   | Place    | Note
-------+----------+-------------------------------------------
     0 | D:1      | HarryHood the Minotaur Berserker began the quest for the
                  | Orb.
     0 | D:1      | Reached XP level 1. HP: 19/19 MP: 0/0
    91 | D:1      | Reached skill level 4 in Maces & Flails
    91 | D:1      | Reached XP level 2. HP: 21/26 MP: 1/1
   530 | D:1      | Reached skill level 5 in Maces & Flails
   908 | D:2      | Reached XP level 3. HP: 31/31 MP: 2/2
   942 | D:2      | Reached ** piety under Trog
  1370 | D:2      | Reached skill level 6 in Maces & Flails
  1370 | D:2      | Reached XP level 4. HP: 36/40 MP: 3/3
  1455 | D:2      | Reached skill level 4 in Fighting
  1486 | D:2      | Noticed a moth of wrath
  1489 | D:2      | Found a bloodstained altar of Trog.
  1795 | D:3      | Reached skill level 5 in Fighting
  1822 | D:3      | Reached XP level 5. HP: 48/48 MP: 4/4
  1823 | D:3      | Noticed timneilson's ghost (amateur DrTm)
  1825 | D:3      | Found a runed translucent door.
  1855 | D:3      | Killed timneilson's ghost
  1855 | D:3      | Reached skill level 6 in Fighting
  2106 | D:3      | Found a shattered altar of Ashenzari.
  2106 | D:3      | Found a blossoming altar of Fedhas.
  2147 | D:3      | Reached *** piety under Trog
  2253 | D:4      | Noticed an ogre
  2260 | D:4      | Killed an ogre
  2260 | D:4      | Reached XP level 6. HP: 22/57 MP: 5/5
  2448 | D:4      | Reached skill level 7 in Maces & Flails
  2680 | D:4      | Noticed Edmund
  2691 | D:4      | Killed Edmund
  2691 | D:4      | Reached skill level 8 in Maces & Flails
  2818 | D:4      | Reached XP level 7. HP: 52/63 MP: 6/6
  2871 | D:4      | Noticed Sigmund
  2880 | D:4      | Killed Sigmund
  2880 | D:4      | Reached skill level 9 in Maces & Flails
  3022 | D:4      | Noticed Duvessa
  3022 | D:4      | Noticed Dowan
  3043 | D:4      | Killed Duvessa
  3043 | D:4      | Reached skill level 7 in Fighting
  3062 | D:4      | Killed Dowan
  3500 | D:4      | Noticed Grinder
  3518 | D:4      | Killed Grinder
  3518 | D:4      | Reached skill level 8 in Fighting
  3518 | D:4      | Reached XP level 8. HP: 74/77 MP: 7/7
  3522 | D:4      | Noticed Ijyb
  3536 | D:4      | Killed Ijyb
  3536 | D:4      | Reached skill level 9 in Fighting
  3888 | D:5      | Entered Level 5 of the Dungeon
  4001 | D:5      | Reached skill level 3 in Armour
  4224 | D:5      | Reached **** piety under Trog
  4455 | D:5      | Found a glowing golden altar of the Shining One.
  4530 | D:6      | Reached skill level 4 in Armour
  4608 | D:6      | Got a slimy steel amulet
  4615 | D:6      | Found a sand-covered staircase.
  4631 | Ossuary  | Entered an ossuary
  4646 | Ossuary  | Reached skill level 5 in Armour
  4759 | Ossuary  | Reached skill level 6 in Armour
  4888 | D:6      | Reached skill level 1 in Slings
  4908 | D:6      | Found a hide-covered altar of Uskayaw.
  4954 | D:6      | Reached ***** piety under Trog
  4984 | D:6      | Noticed Eustachio
  4998 | D:6      | Killed Eustachio
  4998 | D:6      | Reached skill level 2 in Slings
  5042 | D:6      | Reached skill level 10 in Maces & Flails
  5221 | D:6      | Reached XP level 9. HP: 82/83 MP: 8/8
  5352 | D:7      | Found Ixusaot's General Store.
  5353 | D:7      | Reached skill level 3 in Slings
  5357 | D:7      | Found a staircase to the Ecumenical Temple.
  5375 | Temple   | Entered the Ecumenical Temple
  5730 | D:7      | Found an ancient bone altar of Kikubaaqudgha.
  5851 | D:7      | Found Reanuh's Antique Armour Emporium.
  5890 | D:7      | Bought a polished tower shield for 228 gold pieces
  5900 | D:7      | Identified the cursed +0 tower shield "Naobbola" {-Cast
                  | rElec Int+4} (You bought it in a shop on level 7 of the
                  | Dungeon)
  5954 | D:7      | Found Oloanleng's Assorted Antiques.
  5963 | D:7      | Bought a scroll of identify for 42 gold pieces
  6125 | D:7      | Reached skill level 1 in Shields
  6130 | D:7      | Reached skill level 11 in Maces & Flails
  6412 | D:7      | Identified the amulet of the First Tables {Inacc rPois
                  | Str+4} (You found it on level 6 of the Dungeon)
  6497 | D:8      | Reached skill level 2 in Shields
  6533 | D:8      | Noticed Pikel
  6562 | D:8      | Killed Pikel
  6562 | D:8      | Reached skill level 12 in Maces & Flails
  6562 | D:8      | Reached skill level 3 in Shields
  6591 | D:8      | Reached skill level 4 in Shields
  6711 | D:8      | Noticed Grum
  6726 | D:8      | Killed Grum
  6730 | D:8      | Reached XP level 10. HP: 78/91 MP: 7/9
  6862 | D:8      | Reached skill level 5 in Shields
  6908 | D:8      | Noticed Prince Ribbit
  6919 | D:8      | Killed Prince Ribbit
  7004 | D:8      | Found an opulent altar of Gozag.
  7179 | D:9      | Received a gift from Trog
  7207 | D:9      | Reached skill level 13 in Maces & Flails
  7300 | D:9      | Found a snail-covered altar of Cheibriados.
  7358 | D:9      | Reached skill level 6 in Shields
  7477 | D:9      | Found a staircase to the Orcish Mines.
  7482 | D:9      | Noticed a two-headed ogre
  7706 | D:9      | Found Vudghaup's Gadget Boutique.
  7766 | D:9      | Found a flagged portal.
  7772 | Bailey   | Entered a bailey
  7843 | Bailey   | Reached skill level 14 in Maces & Flails
  7951 | Bailey   | Noticed an orc knight
  7962 | Bailey   | Killed an orc knight
  7962 | Bailey   | Reached skill level 7 in Shields
  7966 | Bailey   | Reached ****** piety under Trog
  8193 | Bailey   | Received a gift from Trog
  8258 | Bailey   | Noticed an orc warlord
  8258 | Bailey   | Noticed an orc knight
  8280 | Bailey   | HP: 9/93 [poisoned by an orc warlord]
  8281 | Bailey   | HP: 3/93 [poisoned by an orc warlord]
  8282 | Bailey   | Succumbed to an orc warlord's poison

Levels and vault maps discovered:
D:1:      dpeg_arrival_rhombi, layout_basic
D:2:      layout_loops_ring, tgw_trog, first_ration
D:3:      layout_rooms, chequers_temple_overflow_statue_of_worship,
          hellmonk_ghost_happy_afterlife
D:4:      layout_basic, uniq_grinder, uniq_sigmund, uniq_duvessa, uniq_ijyb,
          uniq_edmund
D:5:      layout_loops_ring, kennysheep_mini_moat, glass_columns_a,
          minmay_misc_feat_columns, fountainhead
D:6:      layout_loops_ring, basic_altar, enter_ossuary_1, uniq_eustachio
D:7:      mumra_celtic_spiral_tile, layout_loops_ring,
          minmay_temple_entry_offerings, basic_altar, serial_shops, shop_statue,
          nicolae_shop_overgrown_old_shop, shop, grunt_ogre_cave, minmay_between
D:8:      layout_loops_ring, nicolae_gozag_seed_capital, uniq_prince_ribbit1,
          uniq_pikel, uniq_grum
D:9:      layout_roguey, lemuel_crystal_altar, nicolae_overflow_crystal_walls,
          hiddenorc2_lemuel, enter_bailey_3, serial_shops,
          nicolae_shop_waterfront
Temple:   eino_wide_crystal_templ
Bailey:   bailey_axe_minmay_hex_keep, bailey

Skill      XL: |  1  2  3  4  5  6  7  8  9 10 |
---------------+-------------------------------+-----
Maces & Flails | 4 5 6 8 9 10 12 14 | 14.0
Fighting       | 5 6 8 9 |  9.9
Armour         | 6 |  6.0
Slings         | 2 3 |  3.7
Shields        | 4 7 |  7.5
Dodging        | |  2.1

Action                   |  1- 3 |  4- 6 |  7- 9 | 10-12 || total
-------------------------+-------+-------+-------+-------++-------
Melee: Mace              |    94 |   122 |       |       ||   216
       Headbutt          |     7 |    23 |    82 |    63 ||   175
       Flail             |       |     9 |   409 |   315 ||   733
       Unarmed           |       |       |    11 |       ||    11
 Fire: Hunting sling     |       |       |    15 |       ||    15
Invok: Berserk           |       |     1 |     3 |     2 ||     6
  Use: Scroll            |     5 |     5 |    14 |     1 ||    25
  Eat: Chunk             |     2 |     5 |    17 |     6 ||    30
Armor: Animal skin       |     6 |       |       |       ||     6
       Scale mail        |    15 |    45 |   169 |    70 ||   299
       Skin              |       |       |     5 |       ||     5
Dodge: Dodged            |    54 |    50 |   112 |    46 ||   262
Block: Buckler           |       |    19 |    18 |       ||    37
       Tower shield      |       |       |    53 |   195 ||   248

Table legend:
 A = Non-vault XP
 B = Vault XP
 C = Vault XP percentage of total XP
 D = Non-vault monster count
 E = Vault monster count
 F = Vault count percentage of total count
                 A         B        C        D         E       F
            +---------+---------+-------+---------+---------+-------
      Total |    4600 |    5204 |  53.1 |     194 |     144 |  42.6
            +---------+---------+-------+---------+---------+-------
        D:1 |      39 |       0 |   0.0 |      20 |       0 |   0.0
        D:2 |     104 |      13 |  11.1 |      26 |       5 |  16.1
        D:3 |      49 |     118 |  70.7 |      15 |       1 |   6.2
        D:4 |     355 |     939 |  72.6 |      18 |       6 |  25.0
        D:5 |     152 |       0 |   0.0 |      25 |       0 |   0.0
        D:6 |     621 |     197 |  24.1 |      20 |       1 |   4.8
        D:7 |     743 |     121 |  14.0 |      22 |       1 |   4.3
        D:8 |    1128 |    1336 |  54.2 |      23 |       5 |  17.9
        D:9 |    1409 |     781 |  35.7 |      25 |      35 |  58.3
    Ossuary |       0 |     283 | 100.0 |       0 |      33 | 100.0
     Bailey |       0 |    1416 | 100.0 |       0 |      57 | 100.0
            +---------+---------+-------+---------+---------+-------
